 Dungeon Crawl Stone Soup version 0.27.0-1-g7a089689b8 (console) character file.

Game seed: 8747597257105221601

2599 thromnambular the Insei (level 9, -1/61 HPs)
             Began as a Djinni Transmuter on Aug 17, 2021.
             Was an Elder of Okawaru.
             Slain by an ogre (27 damage)
             ... on level 6 of the Dungeon.
             The game lasted 00:18:25 (8258 turns).

thromnambular the Insei (Djinni Transmuter)         Turns: 8258, Time: 00:18:26

Health: -1/61      AC:  2    Str: 12    XL:     9   Next: 89%
Gold:   256        EV: 28    Int: 16    God:    Okawaru [****..] SH:  0 Dex: 18

rFire    x . .     SeeInvis .     - Unarmed
rCold    + . .     Faith    .   (shield currently unavailable)
rNeg     . . .     Spirit   .   (armour currently unavailable)
rPois    ∞         Reflect  .   (helmet currently unavailable)
rElec    .         Harm     .   (cloak currently unavailable)
rCorr    .         Rampage  .   (gloves currently unavailable)
Will     .....                  (boots unavailable)
Stlth    ++........             (no amulet)
HPRegen  0.20/turn              m - +4 ring of evasion
MPRegen  0.00/turn              t - ring of ice

@: spider-form, flying, very slightly contaminated
A: venomous fangs, flying, sickness immunity, tiny, (fire resistance 2), (cold
vulnerability 1), float, innate caster, hp casting, extra vitality 1, screaming
1
a: End Transformation, Renounce Religion, Heroism


You were on level 6 of the Dungeon.
You worshipped Okawaru.
Okawaru was greatly pleased with you.
You were a venomous arachnid creature.
You visited 1 branch of the dungeon, and saw 6 of its levels.

You collected 379 gold pieces.
You spent 123 gold pieces at shops.

Inventory:

Armour
 c - a +0 pair of gloves (melded)
 d - a +2 cloak (melded)
 j - a +0 leather armour (melded)
Jewellery
 m - a +4 ring of evasion (left front leg)
 q - a ring of fire
 t - a ring of ice (right front leg)
Wands
 i - a wand of paralysis (8)
 r - a wand of mindburst (10)
Scrolls
 a - a scroll of torment {unknown}
 f - a scroll of amnesia
 g - 2 scrolls of noise
 h - 3 scrolls of blinking
 p - 2 scrolls of holy word
Potions
 b - 3 potions of berserk rage
 e - 2 potions of haste
 k - 2 potions of heal wounds {unknown}
 l - a potion of curing
 n - a potion of magic {unknown}
 o - a potion of flight {unknown}
 s - a potion of cancellation {unknown}
 u - a potion of attraction {unknown}


   Skills:
 + Level 3.6 Fighting
 - Level 3.0 Armour
 + Level 7.1 Dodging
 + Level 7.6 Unarmed Combat
 + Level 5.6 Spellcasting


You couldn't memorise any spells.
You knew the following spells:

 Your Spells              Type           Power      Damage    Failure   Level
a - Beastly Appendage     Tmut           44%        N/A       6%          1
b - Wereblood             Tmut           22%        N/A       9%          2
c - Spider Form           Tmut/Pois      11%        N/A       13%         3
d - Ice Form              Ice/Tmut       33%        N/A       32%         4
e - Shock                 Conj/Air       88%        1d8       6%          1
f - Slow                  Hex            22%        N/A       9%          2
g - Searing Ray           Conj           44%        3d4       9%          2
h - Hailstorm             Conj/Ice       33%        3d8       32%         4
Your spell library was empty.

Dungeon Overview and Level Annotations

Branches:
Dungeon (6/15)
 Temple: D:4-7

Altars:
Cheibriados
Gozag
Hepliaklqana
Okawaru
Uskayaw

Shops:
D:4 ?

Annotations:
D:6 Dowan, Duvessa


Innate Abilities, Weirdness & Mutations

You are a venomous arachnid creature.
You have poisonous fangs.
You are tiny and dextrous.
You are flying.
Your spellcasting is less reliable in this form.
Your armour is entirely melded.
You are incapable of wielding weapons or throwing items.
You are immune to sickness and miasma.
You are immune to poison.
((Your flesh is very heat resistant. (rF++)))
((You are vulnerable to cold. (rC-)))
You float through the air rather than walking.
You learn spells naturally, not from books.
Your magical power is your life essence.
You have superior vitality. (+4 HP)
You occasionally shout uncontrollably at your foes.


Message History

Your +2 cloak melds into your body.
Your +0 pair of gloves melds into your body.
Your +0 leather armour melds into your body.
Casting: Spider Form (dangerous; 13% risk of failure)
Confirm with . or Enter, or press ? or * to list all spells.
Okay, then.
Casting: Spider Form (dangerous; 13% risk of failure)
Confirm with . or Enter, or press ? or * to list all spells.
Aiming: Slow (safe; 9% risk of failure)
Press: ? - help, Shift-Dir - straight line, f - ogre
Aim: an ogre, wielding a +0 giant spiked club (chance to affect: 62%)
You miscast Slow.
You are very lightly contaminated with residual magic.
Nothing appears to happen.
You hit the ogre.
The ogre is lightly wounded.
The ogre completely misses you.
Casting: Slow (safe; 9% risk of failure)
Confirm with . or Enter, or press ? or * to list all spells.
The spell is quite dangerous to cast (32% risk of failure)!
Continue anyway?
Casting: Hailstorm (quite dangerous; 32% risk of failure)
Press: ? - help, Dir - look around, f - activate You feel a surge of power!
You miscast Hailstorm.
Nothing appears to happen.
The ogre completely misses you.
Casting: Hailstorm (quite dangerous; 32% risk of failure)
Confirm with . or Enter, or press ? or * to list all spells.
The spell is quite dangerous to cast (32% risk of failure)!
Continue anyway?
Casting: Hailstorm (quite dangerous; 32% risk of failure)
Press: ? - help, Dir - look around, f - activate You feel a surge of power!
A cannonade of hail descends around you!
The hail pelts Duvessa.
Duvessa is lightly wounded.
The hail pelts Dowan!
Dowan is heavily wounded.
The ogre hits you with a +0 giant spiked club!!
You bite the ogre!
The ogre is poisoned.
The ogre is heavily wounded.
The ogre hits you with a +0 giant spiked club!!
You die...

.# ..... ####.## #... #..... ...
#.#.. ... #.#.# #e# ##.#.# ...
#e# ##....# #.# #O####.###.# #.#
.. #.s....# #.#####.# ####.
######.###.##....## #....
##............ #... ##...≈≈≈≈..PP
... ##.......... #.# #### ####
##.##.##### #.###≈≈≈≈≈≈≈# #.##.#
# ##...#≈##.##≈#######.##.#####
##.##.##)#≈#.#.#≈#.......##......


You could see Duvessa, an ogre (very poisoned) and Dowan.

Vanquished Creatures
  Grinder (D:3)
  3 yaks (D:6)
  A water moccasin (D:5)
  A black bear (D:6)
  2 sky beasts
  A hornet zombie (D:6)
  4 ogres
  A centaur (D:3)
  A phantom (D:5)
  A bullfrog (D:6)
  A water moccasin zombie (D:5)
  A centaur zombie (D:5)
  5 orc priests
  5 hounds
  A jelly (D:6)
  2 centaur skeletons
  Jessica (D:2)
  2 bullfrog skeletons (D:6)
  2 scorpion zombies (D:5)
  2 iguanas
  4 orc wizards
  4 gnolls (D:4)
  5 adders
  A white imp (D:6)
  An ufetubus (D:4)
  An adder skeleton (D:5)
  3 dart slugs
  A worm (D:4)
  16 orcs
  2 bats
  8 endoplasms
  6 giant cockroaches
  3 hobgoblins
  7 jackals
  9 kobolds
  5 quokkas
  8 ball pythons
  3 frilled lizards (D:1)
  6 goblins
  3 rats
134 creatures vanquished.

Vanquished Creatures (others)
  6 plants (D:5)
6 creatures vanquished.

Grand Total: 140 creatures vanquished

Notes
Turn   | Place    | Note
-------+----------+-------------------------------------------
     0 | D:1      | thromnambular the Djinni Transmuter began the quest for the
                  | Orb.
     0 | D:1      | Reached XP level 1. HP: 17/17 MP: 0/0
   346 | D:1      | Reached XP level 2. HP: 5/22 MP: 0/0
  1027 | D:1      | Reached XP level 3. HP: 22/27 MP: 0/0
  1027 | D:1      | Learned a level 1 spell: Shock
  1164 | D:1      | Found a faded altar of an unknown god.
  1663 | D:1      | Became a worshipper of Warmaster Okawaru
  1663 | D:1      | Reached * piety under Okawaru
  2043 | D:2      | Gained mutation: You occasionally shout uncontrollably at
                  | your foes. [potion of mutation]
  2220 | D:2      | Reached XP level 4. HP: 25/32 MP: 0/0
  2314 | D:2      | Noticed Jessica
  2333 | D:2      | Killed Jessica
  2723 | D:2      | Reached XP level 5. HP: 11/37 MP: 0/0
  2723 | D:2      | Learned a level 2 spell: Slow
  3199 | D:3      | Noticed Grinder
  3224 | D:3      | Paralysed by Grinder for 5 turns
  3231 | D:3      | Killed Grinder
  3231 | D:3      | Reached ** piety under Okawaru
  3232 | D:3      | Reached XP level 6. HP: 8/42 MP: 0/0
  3513 | D:3      | Reached skill level 1 in Armour
  3513 | D:3      | Reached XP level 7. HP: 37/47 MP: 0/0
  3513 | D:3      | Learned a level 2 spell: Searing Ray
  3833 | D:3      | Reached skill level 5 in Unarmed Combat
  4056 | D:4      | Found Deageul's Magic Scroll Shoppe.
  4061 | D:4      | Bought a scroll of blinking for 97 gold pieces
  4061 | D:4      | Bought a scroll of identify for 26 gold pieces
  4334 | D:4      | Found a snail-covered altar of Cheibriados.
  4543 | D:4      | Found a hazy altar of Hepliaklqana.
  5232 | D:5      | Entered Level 5 of the Dungeon
  5232 | D:5      | Noticed a water moccasin
  5390 | D:5      | Killed a water moccasin
  5391 | D:5      | Reached XP level 8. HP: 52/52 MP: 0/0
  5601 | D:5      | Reached *** piety under Okawaru
  5663 | D:5      | Reached skill level 5 in Dodging
  6888 | D:5      | Reached XP level 9. HP: 55/57 MP: 0/0
  6888 | D:5      | Learned a level 4 spell: Hailstorm
  6993 | D:5      | Found a hide-covered altar of Uskayaw.
  7299 | D:6      | Reached skill level 5 in Spellcasting
  7602 | D:6      | Reached **** piety under Okawaru
  8169 | D:6      | Found an opulent altar of Gozag.
  8251 | D:6      | Noticed Duvessa
  8251 | D:6      | Noticed Dowan
  8258 | D:6      | Slain by an ogre

Illustrated notes

Levels and vault maps discovered:
D:1:      minmay_arrival_semitransparent, layout_basic,
          shapermc_ecumenical_altar_mp_vishouse
D:2:      layout_rooms, uniq_jessica
D:3:      layout_rooms, uniq_grinder
D:4:      layout_loops_ring, mainiacjoe_overflow_paths, lemuel_crystal_altar,
          serial_shops, shop
D:5:      minmay_skewed_foursquare, layout_basic, nicolae_uskayaw_suspiria,
          serial_bayou_pond_a
D:6:      layout_loops_ring, mainiacjoe_overflow_boulevard,
          grunt_decor_mini_mirrors, kennysheep_generic_room_9, uniq_duvessa

Skill      XL: |  1  2  3  4  5  6  7  8  9 |
---------------+----------------------------+-----
Spellcasting   | 2 3 4 5 |  5.6
Dodging        | 3 4 5 7 |  7.1
Unarmed Combat | 4 5 6 7 |  7.6
Armour         | 1 2 3 |  3.0
Fighting       | 3 |  3.6

Action                   |  1- 3 |  4- 6 |  7- 9 || total
-------------------------+-------+-------+-------++-------
Melee: Unarmed           |   114 |    80 |   337 ||   531
       Headbutt          |    11 |     8 |       ||    19
       Punch             |     3 |     1 |     2 ||     6
 Cast: Beastly Appendage |    16 |     9 |       ||    25
       Spider Form       |       |     2 |    33 ||    35
       Wereblood         |       |       |     7 ||     7
       Ice Form          |       |       |     1 ||     1
       Slow              |       |       |    11 ||    11
       Shock             |       |       |    17 ||    17
       Hailstorm         |       |       |     3 ||     3
Evoke: Wand              |       |       |     1 ||     1
  Use: Scroll            |     5 |       |     3 ||     8
       Potion            |     1 |     1 |     1 ||     3
 Stab: Sleeping          |       |       |     1 ||     1
Armor: Robe              |    32 |    10 |       ||    42
       Leather armour    |       |    22 |    29 ||    51
       Skin              |       |     3 |     4 ||     7
Dodge: Dodged            |    62 |    73 |   294 ||   429
